 Dungeon Crawl Stone Soup version 0.28-a0-793-g31680bbd8b (webtiles) character file.

Game seed: 6543182774655600448

88 porpoise the Conjurer (level 4, 0/24 HPs)
             Began as a Deep Elf Conjurer on Nov 5, 2021.
             Slain by an ogre (24 damage)
             ... on level 4 of the Dungeon.
             The game lasted 00:07:20 (3168 turns).

porpoise the Conjurer (Deep Elf Conjurer)           Turns: 3168, Time: 00:07:21

Health: 0/24       AC:  3    Str:  4    XL:     4   Next: 30%
Magic:  8/12       EV: 12    Int: 24    God:
Gold:   160        SH:  0    Dex: 13    Spells: 9/12 levels left

rFire   . . .      SeeInvis .   b - +0 hunting sling
rCold   . . .      Faith    .   (no shield)
rNeg    . . .      Spirit   .   m - +0 robe
rPois   .          Reflect  .   i - +0 helmet
rElec   .          Harm     .   (no cloak)
rCorr   .          Rampage  .   (no gloves)
Will    .....                   (no boots)
Stlth   ++........              (no amulet)
HPRegen 0.08/turn               (no ring)
MPRegen 0.13/turn               (no ring)

@: no status effects
A: no striking features
a: no special abilities


You were on level 4 of the Dungeon.
You visited 1 branch of the dungeon, and saw 4 of its levels.

You collected 160 gold pieces.

Inventory:

Hand Weapons
 a - a +4 mace
 b - a +0 hunting sling (weapon)
 q - a +0 short sword
Missiles
 d - 46 stones (quivered ammo)
 n - 28 sling bullets
Armour
 g - a +1 robe of cold resistance
 i - a +0 helmet (worn)
 m - a +0 robe (worn)
Scrolls
 c - a scroll of brand weapon {unknown}
 e - 3 scrolls of immolation {unknown}
 f - 4 scrolls of identify {unknown}
 h - a scroll of amnesia {unknown}
 o - 2 scrolls of teleportation {unknown}
Potions
 j - a potion of haste {unknown}
 k - a potion of curing {unknown}
 l - a potion of brilliance {unknown}
 p - a potion of mutation {unknown}


   Skills:
 - Level 2.4 Dodging
 - Level 2.4 Stealth
 + Level 4.9 Spellcasting
 + Level 5.5 Conjurations


You had 9 spell levels left.
You knew the following spells:

 Your Spells              Type           Power      Damage    Failure   Level
a - Magic Dart            Conj           100%       1d8       1%          1
b - Searing Ray           Conj           64%        2d6       1%          2

Your spell library contained the following spells:

 Spells                   Type           Power      Damage    Failure   Level
 Dazzling Flash           Conj/Hex       38%        N/A       9%          3
 Gell's Gravitas          Tloc           5%         N/A       26%         3
 Lesser Beckoning         Tloc           5%         N/A       26%         3
 Teleport Other           Tloc           5%         N/A       26%         3
 Fulminant Prism          Conj/Hex       9%         3d7       28%         4
 Iskenderun's Mystic Bla  Conj/Tloc      19%        2d6       28%         4


Dungeon Overview and Level Annotations

Branches:
Dungeon (4/15)
 Temple: D:4-7

Altars:

Shops:
D:1 (


Message History

Found a stone staircase leading up.
There is a stone staircase leading up here.
You now have 160 gold pieces (gained 13).
As you open the door, it creaks loudly!
There is an open door here.
There is an open door here.
There is an open door here.
You open the door.
There is an open door here.
Done exploring.
Done exploring.
(D) Dungeon
Where to? (Enter - D:3, ? - help)
There is a stone staircase leading up here.
There is a stone staircase leading down here.
You climb downwards.
The ogre shouts!
There is a stone staircase leading up here.
An ogre is nearby!
Casting: Searing Ray (safe; 1% risk of failure)
Confirm with . or Enter, or press ? or * to list all spells.
You don't know that spell.
Casting: Searing Ray (safe; 1% risk of failure)
Confirm with . or Enter, or press ? or * to list all spells.
You don't know that spell.
Casting: Searing Ray (safe; 1% risk of failure)
Confirm with . or Enter, or press ? or * to list all spells.
Aiming: Searing Ray (safe; 1% risk of failure)
Press: ? - help, Shift-Dir - straight line, f - ogre
Aim: an ogre, wielding a +0 giant spiked club (91% to hit)
The searing ray hits the ogre!
The ogre is moderately wounded. (Press . to maintain the ray.)
The searing ray hits the ogre.
The ogre is heavily wounded.
The searing ray hits the ogre!
The ogre is severely wounded.
The ogre hits you with a +0 giant spiked club!!
Ouch! That really hurt!
You die...

###
#.#
#<#
#@#
#O#
#.#
#.#
..#
###


You could see an ogre.

Vanquished Creatures
  3 adders (D:2)
  A dart slug (D:3)
  5 orcs
  5 bats
  11 endoplasms
  2 giant cockroaches
  2 goblins (D:1)
  A hobgoblin (D:1)
  3 jackals (D:3)
  4 quokkas
  3 ball pythons
  3 frilled lizards (D:1)
  3 kobolds
  2 rats (D:1)
48 creatures vanquished.

Notes
Turn   | Place    | Note
-------+----------+-------------------------------------------
     0 | D:1      | porpoise the Deep Elf Conjurer began the quest for the Orb.
     0 | D:1      | Reached XP level 1. HP: 10/10 MP: 6/6
   158 | D:1      | Found Givylami's Weapon Emporium.
   251 | D:1      | Reached XP level 2. HP: 15/15 MP: 4/8
   644 | D:1      | Learned a level 2 spell: Searing Ray
   824 | D:1      | Found a faded altar of an unknown god.
  1153 | D:2      | Reached skill level 5 in Conjurations
  1153 | D:2      | Reached XP level 3. HP: 19/19 MP: 6/10
  1890 | D:2      | Reached XP level 4. HP: 24/24 MP: 8/12
  3164 | D:4      | Noticed an ogre
  3168 | D:4      | Slain by an ogre

Illustrated notes

Levels and vault maps discovered:
D:1:      mrwooster_arrival_statue, layout_basic,
          hellmonk_ecumenical_altar_pennies_from_heaven, serial_shops,
          nicolae_shop_crystal
D:2:      layout_basic, kennysheep_generic_room_12
D:3:      layout_basic, minmay_misc_feat_cross
D:4:      layout_basic, serial_shops, nicolae_shop_waterfront, uniq_robin

Skill      XL: |  1  2 |
---------------+-------+-----
Spellcasting   | 4 |  4.9
Conjurations   | 5 |  5.5
Dodging        | |  2.4
Stealth        | |  2.4

Action                   |  1- 3 |  4- 6 || total
-------------------------+-------+-------++-------
 Fire: Hunting sling     |     9 |    11 ||    20
 Cast: Magic Dart        |    53 |     3 ||    56
       Searing Ray       |    11 |     7 ||    18
Armor: Robe              |     1 |     1 ||     2
Dodge: Dodged            |     4 |       ||     4

Table legend: (Time is in decaauts)
 A = Elapsed time spent in this place.
 B = Non-inter-level travel time spent in this place.
 C = Inter-level travel time spent in this place.
 D = Time resting spent in this place.
 E = Time spent auto-exploring this place.
 F = Levels seen in this place.
 G = Mean time per level.
                   A        B        C        D        E       F      G
               +--------+--------+--------+--------+--------+-----+--------+
         Total |   3171 |   3075 |     96 |    930 |   1849 |   4 |  792.8 |
       Dungeon |   3171 |   3075 |     96 |    930 |   1849 |   4 |  792.8 |
               +--------+--------+--------+--------+--------+-----+--------+

Top non-repeatable levels by time:
     D:2: 1090 daAuts
     D:1: 1047 daAuts
     D:3: 1030 daAuts
     D:4: 3 daAuts
